 Dungeon Crawl Stone Soup version 0.31-a0-1227-g0136665373 (webtiles) character file.

Game seed: 5437150946334280782

466 gelatine the Chopper (level 6, -11/48 HPs)
             Began as a Demonspawn Fighter on Dec 14, 2023.
             Mangled by Pikel
             ... wielding a +2 whip of freezing
              (12 damage)
             ... on level 4 of the Dungeon.
             The game lasted 00:08:14 (2893 turns).

gelatine the Chopper (Demonspawn Fighter)           Turns: 2893, Time: 00:08:15

Health: -11/48     AC:  6    Str: 18    XL:     6   Next: 81%
Magic:  6/6        EV: 10    Int:  9    God:
Gold:   272        SH:  4    Dex: 12    Spells: 5/5 levels left

rFire   . . .        w - +1 hand axe (vamp)
rCold   . . .        c - +0 buckler
rNeg    . . .        y - +1 ring mail {rPois}
rPois   +            (helmet currently unavailable)
rElec   .            (cloak currently unavailable)
rCorr   .            (gloves currently unavailable)
SInv    .            (boots currently unavailable)
Will    .....        (no amulet)
Stlth   +            (no ring)
HPRegen 0.28/turn    (no ring)
MPRegen 0.10/turn

%: no passive effects
@: beast-form
A: beast (slay +0), claws 2, foul stench 1
a: Begin Untransformation


You were on level 4 of the Dungeon.
You were a hulking beast.
You visited 1 branch of the dungeon, and saw 4 of its levels.

You collected 272 gold pieces.

Inventory:

Hand Weapons
 a - a +0 war axe
 w - a +1 vampiric hand axe (weapon)
Missiles
 k - 2 curare-tipped darts (quivered)
 u - 4 javelins
Armour
 b - a +0 scale mail
 c - a +0 buckler (worn)
 q - a +0 chain mail
 y - a +1 ring mail of poison resistance (worn)
 C - the +3 leather armour of Past Mistakes {Harm Dex-5 Stlth+}
   (You found it on level 4 of the Dungeon)

   Dex-5:     It affects your dexterity (-5).
   Harm:      It increases damage dealt and taken.
   Stlth+:    It makes you more stealthy.
Talismans
 m - a beast talisman (active)
Wands
 l - a wand of paralysis (12)
 t - a wand of iceblast (10)
 x - a wand of mindburst (4)
Scrolls
 j - a scroll of enchant armour {unknown}
 n - a scroll of fear {unknown}
 p - 2 scrolls of immolation {unknown}
 r - 2 scrolls of silence {unknown}
 s - a scroll of blinking {unknown}
 A - 2 scrolls of enchant weapon {unknown}
Potions
 d - a potion of might
 e - a potion of magic {unknown}
 f - 2 potions of attraction {unknown}
 g - 2 potions of heal wounds {unknown}
 h - 3 potions of curing {unknown}
 i - a potion of invisibility {unknown}
 o - a potion of cancellation {unknown}
 v - a potion of mutation {unknown}
 z - a potion of brilliance {unknown}
 B - a potion of lignification {unknown}


   Skills:
 * Level 3.7 Fighting
 * Level 4.0 Axes
 * Level 1.4 Throwing
 * Level 3.9 Armour
 * Level 1.7 Dodging
 * Level 3.3 Shields
 * Level 1.4 Shapeshifting


You had 5 spell levels left.
You didn't know any spells.
Your spell library was empty.

Dungeon Overview and Level Annotations

Branches:
Dungeon (4/15)
 Temple: D:4-7

Altars:
Cheibriados
Xom
Yredelemnul

Shops:
D:3 =

Annotations:
D:4 Pikel


Innate Abilities, Weirdness & Mutations

You are a hulking beast.
Your limbs bulge with bestial killing power. (Slay +0)
You have very sharp fingernails.
You may rarely emit foul miasma when damaged in melee.


Message History

Pikel is heavily wounded.
Pikel closely misses you.
You hit Pikel.
You feel better.
Pikel is severely wounded.
You hit Pikel but do no damage.
Pikel is severely wounded.
Pikel hits you with a +2 whip of freezing.
Pikel freezes you.
You hit Pikel.
You feel better.
Pikel is severely wounded.
Pikel hits you but does no damage.
You closely miss Pikel.
Pikel is almost dead.
Pikel hits you with a +2 whip of freezing!
* * * LOW HITPOINT WARNING * * *
Pikel freezes you.
* * * LOW HITPOINT WARNING * * *
You hit Pikel but do no damage.
Pikel is almost dead.
Pikel hits you with a +2 whip of freezing!
* * * LOW HITPOINT WARNING * * *
Pikel freezes you.
* * * LOW HITPOINT WARNING * * *
You closely miss Pikel.
Pikel is almost dead.
Pikel is no longer moving slowly.
You hit Pikel.
Pikel is almost dead.
Pikel hits you with a +2 whip of freezing.
* * * LOW HITPOINT WARNING * * *
Pikel freezes you.
* * * LOW HITPOINT WARNING * * *
A lemure comes into view.
You closely miss Pikel.
Pikel is almost dead.
The lemure shouts!
Pikel looks more healthy.
Pikel hits you with a +2 whip of freezing!
You die...
Pikel says, "Another soul for the market."

##########
)......<.#
########.####
###.........#
..#.####.##.#
#.#.......# #
#.#....#....# #
#.#....#.####5##5#
#.#....#.#.hK5(..#
#.#....#.#.##.####
# #......#.#.# #
##.###.#..#.#.#
#.........#.#.#
#......##.#.#.#
#>#.........#.# #
#.#####.###.# #.
#.....#


You could see Pikel and 3 lemures.

Vanquished Creatures
  Grinder (D:3)
  A lemure (D:4)
  A scorpion (D:2)
  Ijyb (D:3)
  An orc wizard (D:3)
  4 gnolls (D:3)
  4 adders
  A worm (D:2)
  2 dart slugs
  11 orcs
  4 endoplasms
  2 giant cockroaches
  2 hobgoblins
  6 jackals (D:3)
  5 kobolds
  7 quokkas
  4 ball pythons
  8 bats
  4 frilled lizards
  4 goblins
  7 rats
80 creatures vanquished.

Notes
Turn   | Place    | Note
-------+----------+-------------------------------------------
     0 | D:1      | gelatine the Demonspawn Fighter began the quest for the
                  | Orb.
     0 | D:1      | Reached XP level 1. HP: 18/18 MP: 1/1
   205 | D:1      | Gained mutation: You may rarely emit foul miasma when
                  | damaged in melee. [demonic ancestry]
   205 | D:1      | Reached XP level 2. HP: 22/24 MP: 2/2
   573 | D:1      | Reached skill level 2 in Axes
   972 | D:2      | Discovered your monstrous ancestry.
   972 | D:2      | Gained mutation: You have sharp fingernails. [demonic
                  | ancestry]
   972 | D:2      | Reached XP level 3. HP: 28/29 MP: 3/3
  1528 | D:2      | Reached XP level 4. HP: 35/35 MP: 4/4
  1860 | D:3      | Noticed a scorpion
  1860 | D:3      | Found a shimmering altar of Xom.
  1860 | D:3      | Found a basalt altar of Yredelemnul.
  1860 | D:3      | Found a snail-covered altar of Cheibriados.
  1862 | D:3      | Noticed Grinder
  1872 | D:2      | Killed a scorpion
  1873 | D:2      | Reached skill level 1 in Dodging
  1888 | D:3      | Paralysed by Grinder for 4 turns
  1894 | D:3      | Paralysed by Grinder for 5 turns
  2042 | D:3      | Killed Grinder
  2043 | D:3      | Reached skill level 3 in Axes
  2043 | D:3      | Reached skill level 1 in Throwing
  2043 | D:3      | Reached skill level 1 in Shapeshifting
  2043 | D:3      | Reached XP level 5. HP: 38/41 MP: 5/5
  2043 | D:3      | Gained mutation: You have very sharp fingernails. [demonic
                  | ancestry]
  2043 | D:3      | Reached XP level 6. HP: 44/47 MP: 6/6
  2225 | D:3      | Noticed Ijyb
  2248 | D:3      | Killed Ijyb
  2403 | D:3      | Reached skill level 4 in Axes
  2597 | D:3      | Found Toukueh's Jewellery Shop.
  2842 | D:4      | Identified the +3 leather armour of Past Mistakes {Harm
                  | Dex-5 Stlth+}
  2866 | D:4      | Noticed Pikel
  2892 | D:4      | HP: 2/48 [Pikel/+2 whip of freezing (2)]
  2893 | D:4      | Mangled by Pikel

Illustrated notes

Levels and vault maps discovered:
D:1:      kennysheep_arrival_seaside, layout_loops_ring,
          nicolae_figureground_sparkle
D:2:      minmay_alternating_diamond, layout_basic, minmay_tripent
D:3:      layout_rooms, chequers_temple_overflow_statue_of_worship,
          serial_shops, nicolae_shop_tiny_waterfront,
          chequers_serial_rivers_room_a, uniq_grinder, uniq_ijyb
D:4:      layout_basic, mainiacjoe_overflow_surrounded_room, minivault_26,
          minmay_misc_feat_square, uniq_pikel

Skill      XL: |  1  2  3  4  5  6 |
---------------+-------------------+-----
Axes           | 2 3 4 |  4.0
Armour         | 3 |  3.9
Shields        | 3 |  3.3
Dodging        | 1 |  1.7
Throwing       | 1 |  1.4
Shapeshifting  | 1 |  1.4
Fighting       | |  3.7

Action                     |  1- 3 |  4- 6 || total
---------------------------+-------+-------++-------
  Melee: War axe           |    91 |    80 ||   171
         Hand axe          |       |    46 ||    46
  Throw: Javelin           |     9 |    13 ||    22
         Dart              |       |    14 ||    14
  Evoke: Wand              |       |     2 ||     2
 Armour: Scale mail        |    64 |    77 ||   141
         Ring mail         |       |    14 ||    14
  Dodge: Dodged            |    39 |    57 ||    96
  Block: Buckler           |    18 |    24 ||    42
   Form: Beast             |     1 |       ||     1

Table legend: (Time is in decaauts)
 A = Elapsed time spent in this place.
 B = Non-inter-level travel time spent in this place.
 C = Inter-level travel time spent in this place.
 D = Time resting spent in this place.
 E = Time spent auto-exploring this place.
 F = Levels seen in this place.
 G = Mean time per level.
                   A        B        C        D        E       F      G
               +--------+--------+--------+--------+--------+-----+--------+
         Total |   2981 |   2804 |    177 |      0 |   2115 |   4 |  745.2 |
       Dungeon |   2981 |   2804 |    177 |      0 |   2115 |   4 |  745.2 |
               +--------+--------+--------+--------+--------+-----+--------+

Top non-repeatable levels by time:
     D:2: 1235 daAuts
     D:3: 859 daAuts
     D:1: 824 daAuts
     D:4: 62 daAuts
